 Dungeon Crawl Stone Soup version 0.30-a0-723-gc1506a1cf0 (webtiles) character file.

Game seed: 4159180348416882409

21 Demosthentine the Poker (level 2, -1/23 HPs)
             Began as a Demonspawn Gladiator on Jan 28, 2023.
             Slain by a gnoll
             ... wielding a +0 whip
              (5 damage)
             ... on level 2 of the Dungeon.
             The game lasted 00:01:20 (1267 turns).

Demosthentine the Poker (Demonspawn Gladiator)      Turns: 1267, Time: 00:01:21

Health: -1/23      AC:  5    Str: 14    XL:     2   Next: 62%
Magic:  2/2        EV: 12    Int:  9    God:
Gold:   17         SH:  0    Dex: 14    Spells: 1/1 levels left

rFire   . . .      SeeInvis .    a - +0 trident
rCold   . . .      Faith    .    (no shield)
rNeg    . . .      Spirit   .    b - +0 leather armour
rPois   .          Reflect  .    c - +1 helmet
rElec   .          Harm     .    (no cloak)
rCorr   .          Rampage  .    (no gloves)
Will    .....                    (no boots)
Stlth   +                        (no amulet)
HPRegen 0.23/turn                (no ring)
MPRegen 0.08/turn                (no ring)

@: weak-willed
A: claws 1
a: no special abilities


You were on level 2 of the Dungeon.
You visited 1 branch of the dungeon, and saw 2 of its levels.

You collected 77 gold pieces.
You spent 60 gold pieces at shops.

Inventory:

Hand Weapons
 a - a +0 trident (weapon)
 m - the +6 falchion of Checks and Balances {heavy, Will+}
   (You found it on level 2 of the Dungeon)

   Will:      It increases your willpower.
Missiles
 d - 3 throwing nets (quivered)
 e - 4 javelins
Armour
 b - a +0 leather armour (worn)
 c - a +1 helmet (worn)
Scrolls
 i - a scroll of torment {unknown}
 n - a scroll of magic mapping {unknown}
 o - 2 scrolls of vulnerability
Potions
 f - a potion of magic {unknown}
 g - a potion of resistance
 h - a potion of lignification {unknown}
 j - a potion of mutation {unknown}
 k - 4 potions of heal wounds
 l - 2 potions of curing {unknown}


   Skills:
 + Level 2.3 Fighting
 + Level 3.0 Polearms
 - Level 1.7 Throwing
 + Level 0.8 Armour
 + Level 2.9 Dodging


You had one spell level left.
You didn't know any spells.
Your spell library contained the following spells:

 Spells                   Type           Power      Damage    Failure   Level
 Ensorcelled Hibernation  Hex/Ice        0%         N/A       58%         2
 Call Canine Familiar     Summ           0%         N/A       83%         3
 Portal Projectile        Hex/Tloc       0%         N/A       83%         3
 Spider Form              Tmut/Pois      0%         N/A       83%         3
 Anguish                  Hex/Necr       0%         N/A       99%         4
 Leda's Liquefaction      Hex/Erth       0%         N/A       99%         4


Dungeon Overview and Level Annotations

Branches:
Dungeon (2/15)

Altars:
Fedhas
Nemelex Xobeh

Shops:
D:1 *


Innate Abilities, Weirdness & Mutations

You have sharp fingernails.


Message History

Key pressed, stopping explore.
No target in view!
Key pressed, stopping explore.
No target in view!
Key pressed, stopping explore.
No target in view!
No target in view!
Things that are here:
a +0 dagger; a goblin corpse
Found a helmet.
No target in view!
o - 3 scrolls labelled LIG SUSA DEOT As you open the door, it creaks loudly! 4 gnolls come into view.
The gnoll shouts! x3
There is an open door here.
You completely miss the gnoll. The gnoll closely misses you. x2
You closely miss the gnoll. The gnoll closely misses you.
The gnoll barely misses you. The gnoll hits you but does no damage.
There are monsters nearby!
You barely miss the gnoll. The gnoll hits you with a +0 whip.
The gnoll barely misses you. x2
The gnoll hits you from afar with a +0 spear.
The gnoll hits you with a +0 whip.
The gnoll hits you from afar with a +0 spear!
* * * LOW HITPOINT WARNING * * *
The gnoll barely misses you. x2
You are too injured to fight recklessly!
Unknown command.
The gnoll attacks as you move away! The gnoll hits you with a +0 whip.
* * * LOW HITPOINT WARNING * * *
Unknown command.
As you read the scroll labelled LIG SUSA DEOT, it crumbles to dust.
Magic quickly surges around you.
It was a scroll of vulnerability.
The gnoll hits you but does no damage.
The gnoll hits you from afar with a +0 spear.
* * * LOW HITPOINT WARNING * * *
You see here a +0 helmet.
The gnoll attacks as you move away! The gnoll hits you with a +0 whip.
You die...

#######.# #....# #######......
#.......#####....##.....####.#..
##.##........+....ggg....# #.#..
...##....#####....##.....# #.#..
..###....# ##g### .....# #.#..
......##.######.# ###### #.#..
................# ###....
.........#####.g######## #[.....
.....##### #..@....... #####.#
...### .......########.# #.#
..## #####.## ##.######.# .##
...# #.........# .# ###.#
##.##.#)### .# #.### #.##...# .#
#.#....# #.####.# .# #.#.##.#
#.####.# .### ####.#.##.#
#......#


You could see 2 gnolls.

Vanquished Creatures
  A giant cockroach (D:1)
  3 goblins
  2 hobgoblins
  5 kobolds
  A quokka (D:1)
  A ball python (D:1)
  3 bats
  2 frilled lizards (D:1)
  2 rats (D:1)
20 creatures vanquished.

Notes
Turn   | Place    | Note
-------+----------+-------------------------------------------
     0 | D:1      | Demosthentine the Demonspawn Gladiator began the quest for
                  | the Orb.
     0 | D:1      | Reached XP level 1. HP: 16/16 MP: 1/1
   196 | D:1      | Gained mutation: You have sharp fingernails. [demonic
                  | ancestry]
   196 | D:1      | Reached XP level 2. HP: 22/22 MP: 2/2
   611 | D:1      | Found Ulyckuc's General Store.
   667 | D:1      | Found a blossoming altar of Fedhas.
   720 | D:1      | Bought a potion of heal wounds for 60 gold pieces
   766 | D:2      | Identified the +6 falchion of Checks and Balances {heavy,
                  | Will+}
   902 | D:2      | Found a sparkling altar of Nemelex Xobeh.
  1014 | D:2      | Reached skill level 3 in Polearms
  1267 | D:2      | Slain by a gnoll

Illustrated notes

Levels and vault maps discovered:
D:1:      dpeg_arrival_water_altar, layout_loops_ring, serial_shops,
          nicolae_shop_behind_doors
D:2:      layout_basic, basic_altar

Skill      XL: |  1  2 |
---------------+-------+-----
Polearms       | 3 |  3.0
Fighting       | |  2.3
Throwing       | |  1.7
Armour         | |  0.8
Dodging        | |  2.9

Action                     || total
---------------------------++-------
  Melee: Trident           ||    53
         Punch             ||     1
    Use: Scroll            ||     3
   Stab: Sleeping          ||     1
 Armour: Leather armour    ||    15
  Dodge: Dodged            ||    24

Table legend: (Time is in decaauts)
 A = Elapsed time spent in this place.
 B = Non-inter-level travel time spent in this place.
 C = Inter-level travel time spent in this place.
 D = Time resting spent in this place.
 E = Time spent auto-exploring this place.
 F = Levels seen in this place.
 G = Mean time per level.
                   A        B        C        D        E       F      G
               +--------+--------+--------+--------+--------+-----+--------+
         Total |   1278 |   1224 |     54 |      0 |   1063 |   2 |  639.0 |
       Dungeon |   1278 |   1224 |     54 |      0 |   1063 |   2 |  639.0 |
               +--------+--------+--------+--------+--------+-----+--------+

Top non-repeatable levels by time:
     D:1: 732 daAuts
     D:2: 545 daAuts
